 Dungeon Crawl Stone Soup version 0.31-a0-765-g67fe2935dc (webtiles) character file.

Game seed: 3946206174093047976

1103 LeprechaunX the Changeling (level 8, -1/54 HPs)
             Began as an Octopode Shapeshifter on Sept 16, 2023.
             Was an Initiate of Ru.
             Slain by a gnoll
             ... wielding a +0 halberd
             ... led by a gnoll bouda
              (11 damage)
             ... on level 7 of the Dungeon.
             The game lasted 00:05:09 (4874 turns).

LeprechaunX the Changeling (Octopode Shapeshifter)  Turns: 4874, Time: 00:05:10

Health: -1/54      AC:  1    Str: 15    XL:     8   Next: 32%
Magic:  8/8        EV: 19    Int: 12    God:    Ru [......]
Gold:   322        SH:  0    Dex: 12    Spells: 7/7 levels left

rFire   . .          .
                       - Unarmed
rCold   . . .        (no shield)
rNeg    + . .        (helmet currently unavailable)
rPois   .            (no amulet)
rElec   .            n - ring of positive energy
rCorr   .            t - +5 ring of evasion
SInv    .            (no ring)
Will    .....        (no ring)
Stlth   ++           (no ring)
HPRegen 0.29/turn    (no ring)
MPRegen 0.11/turn    (no ring)
                     (no ring)

%: no passive effects
@: beast-form
A: beast (slay +3), almost no armour, amphibious, 8 rings, camouflage 1,
gelatinous body 1, (nimble swimmer 1), tentacles
a: Begin Untransformation, Renounce Religion


You were on level 7 of the Dungeon.
You worshipped Ru.
Ru was noncommittal.
You were a hulking beast.
You visited 2 branches of the dungeon, and saw 8 of its levels.

You collected 322 gold pieces.

Inventory:

Hand Weapons
 f - a +0 sling
Missiles
 m - 5 boomerangs (quivered)
 I - 3 darts of dispersal
Jewellery
 n - a ring of positive energy (left tentacle)
 r - a ring of ice
 t - a +5 ring of evasion (right tentacle)
 H - an amulet of magic regeneration
Talismans
 b - a beast talisman (active)
 c - a flux talisman
Wands
 C - a wand of flame (24)
 D - a wand of paralysis (2)
Scrolls
 d - 3 scrolls of poison {unknown}
 e - a scroll of enchant armour {unknown}
 g - 5 scrolls of teleportation {unknown}
 h - a scroll of vulnerability {unknown}
 j - 2 scrolls of noise {unknown}
 k - a scroll of amnesia {unknown}
 l - 3 scrolls of fear {unknown}
 o - a scroll of blinking {unknown}
 p - 5 scrolls of enchant weapon {unknown}
 q - 2 scrolls of revelation {unknown}
 s - a scroll of acquirement {unknown}
 x - a scroll of butterflies {unknown}
 y - a scroll of immolation {unknown}
 E - 4 scrolls of identify {unknown}
Potions
 a - 2 potions of lignification
 i - 4 potions of curing {unknown}
 u - 2 potions of mutation {unknown}
 v - 3 potions of magic {unknown}
 z - a potion of degeneration {unknown}
 A - 2 potions of ambrosia {unknown}
 B - 2 potions of haste {unknown}
 F - 2 potions of heal wounds {unknown}
 G - 2 potions of enlightenment {unknown}


   Skills:
 + Level 4.2 Fighting
 + Level 4.5 Dodging
 + Level 5.1 Unarmed Combat
 * Level 6.3 Shapeshifting


You had 7 spell levels left.
You didn't know any spells.
Your spell library contained the following spells:

 Spells                   Type           Power      Damage    Failure   Level
 Iskenderun's Battlesphe  Conj           0%         2d6       100%        5
 Leda's Unmaking          Conj/Erth      0%         9d1       100%        6
 Spellforged Servitor     Conj/Summ      0%         N/A       100%        7


Dungeon Overview and Level Annotations

Branches:
Dungeon (7/15)             Temple (1/1) D:5

Altars:
Ashenzari
Cheibriados
Dithmenos
Elyvilon
Fedhas
Gozag
Kikubaaqudgha
Makhleb
Nemelex Xobeh
Okawaru
Qazlal
Ru
Sif Muna
Trog
Vehumet
Wu Jian
Xom
Yredelemnul
Zin

Shops:
D:6 !

Annotations:
D:5 3 runed translucent doors, Sundig's ghost, amateur DgFi; olddryhag's ghost, novice DsVM


Innate Abilities, Weirdness & Mutations

You are a hulking beast.
Your limbs bulge with bestial killing power. (Slay +3)
You cannot wear most types of armour.
You are amphibious.
You can wear up to eight rings at the same time.
Your skin changes colour to match your surroundings (Stealth+).
Your rubbery body absorbs attacks. (AC +1, EV +1)
((You are camouflaged when in or above water. (Stealth+)))
You have tentacles for arms and can constrict up to eight enemies at once.


Message History

You kill the gnoll bouda!
The javelin pierces through the hound!
You kill the hound!
The javelin pierces through the gnoll!
The gnoll is almost dead.
The javelin pierces through the gnoll.
The gnoll is moderately wounded.
The javelin pierces through the gnoll!
The gnoll is severely wounded.
You hear a shout!
A gnoll comes into view. It is wielding a +0 halberd.
Throw: 5 boomerangs
Press: ? - help, Q - select action, (/) - cycle Shift-Dir - straight line, f - gnoll
Aim: a gnoll, wielding a +0 club (almost dead, covering ground quickly, 65% to hit)
You throw a boomerang.
The boomerang hits the gnoll but does no damage.
The gnoll is almost dead.
The gnoll closely misses you.
You barely miss the gnoll. You grab the gnoll. You squeeze the gnoll.
You kill the gnoll!
You barely miss the gnoll. Your grab misses the gnoll.
The gnoll is moderately wounded.
The gnoll hits you with a +2 flail of protection!
The gnoll misses you. The gnoll attacks as it pursues you!
The gnoll closely misses you. The gnoll misses you.
You closely miss the gnoll. You grab the gnoll.
The gnoll is moderately wounded.
You constrict the gnoll.
The gnoll hits you with a +2 flail of protection.
* * * LOW HITPOINT WARNING * * *
You release your grip on the gnoll.
You bludgeon the gnoll!
You kill the gnoll!
You hear the hiss of a very distant avalanche of sand.
The gnoll hits you from afar with a +0 halberd!
* * * LOW HITPOINT WARNING * * *
A sky beast comes into view.
The gnoll hits you with a +0 halberd!
You die...

##...# ##.#<#.#
#####.##.# #........#
#.###.#### #.# ##.#
#.# ##...# ##.## ####
##..h##
#.###.#.#g#######.###
#.......[.g.)))...((.
#####.#.#.#######.###
##...## #Y....
......... #########.#
#


You could see a sky beast and 2 gnolls.

Vanquished Creatures
  A black bear (D:7)
  3 ogres
  A phantom (D:4)
  A scorpion (D:5)
  3 wights (D:7)
  A howler monkey (D:3)
  2 hounds
  2 jellies
  A gnoll bouda (D:7)
  4 iguanas
  2 gnolls (D:7)
  6 adders
  A white imp (D:5)
  A worm (D:3)
  2 dart slugs
  15 orcs
  4 endoplasms
  3 giant cockroaches
  9 goblins
  5 hobgoblins
  7 jackals
  4 kobolds
  6 ball pythons
  3 bats
  5 frilled lizards
  11 rats
  A spectral orc (D:6)
104 creatures vanquished.

Notes
Turn   | Place    | Note
-------+----------+-------------------------------------------
     0 | D:1      | LeprechaunX the Octopode Shapeshifter began the quest for
                  | the Orb.
     0 | D:1      | Reached XP level 1. HP: 13/13 MP: 1/1
   128 | D:1      | Reached XP level 2. HP: 18/18 MP: 2/2
   820 | D:2      | Reached XP level 3. HP: 13/23 MP: 3/3
   913 | D:2      | Found a glowing silver altar of Zin.
  1511 | D:3      | Reached XP level 4. HP: 26/29 MP: 4/4
  1616 | D:3      | Reached skill level 4 in Shapeshifting
  1714 | D:3      | Reached XP level 5. HP: 34/34 MP: 5/5
  2154 | D:4      | Found a burning altar of Makhleb.
  2197 | D:4      | Found a white marble altar of Elyvilon.
  2219 | D:4      | Noticed an ogre
  2224 | D:4      | Killed an ogre
  2299 | D:4      | Reached XP level 6. HP: 29/41 MP: 6/6
  2596 | D:4      | Reached skill level 5 in Shapeshifting
  3083 | D:5      | Entered Level 5 of the Dungeon
  3086 | D:5      | Found a staircase to the Ecumenical Temple.
  3113 | D:5      | Reached XP level 7. HP: 46/46 MP: 7/7
  3118 | Temple   | Entered the Ecumenical Temple
  3230 | D:5      | Found a runed translucent gate.
  3230 | D:5      | Found a runed translucent gate.
  3230 | D:5      | Found a runed translucent gate.
  3230 | D:5      | Noticed olddryhag's ghost (novice DsVM)
  3232 | D:5      | Noticed Sundig's ghost (amateur DgFi)
  3330 | D:5      | Found an ancient bone altar of Kikubaaqudgha.
  3330 | D:5      | Found a glowing silver altar of Zin.
  3330 | D:5      | Found a radiant altar of Vehumet.
  3396 | D:5      | Found a sacrificial altar of Ru.
  3446 | D:5      | Became a worshipper of Ru the Awakened
  3464 | D:5      | Found an iron altar of Okawaru.
  3798 | D:5      | Found a bloodstained altar of Trog.
  4385 | D:6      | Found Oshin's Distillery.
  4391 | D:6      | Found a sparkling altar of Nemelex Xobeh.
  4650 | D:6      | Found a basalt altar of Yredelemnul.
  4699 | D:7      | Reached XP level 8. HP: 49/54 MP: 8/8
  4854 | D:7      | Reached skill level 6 in Shapeshifting
  4860 | D:7      | Reached skill level 5 in Unarmed Combat
  4874 | D:7      | Slain by a gnoll

Illustrated notes

Levels and vault maps discovered:
D:1:      noname_arrival_rooms_in_the_neighbourhood, layout_basic,
          minmay_tetromino_o2
D:2:      layout_basic, basic_altar
D:3:      minmay_door_path, layout_basic
D:4:      layout_loops_ring, mainiacjoe_overflow_tiny_flanked,
          mainiacjoe_overflow_six_doors_small, hex_tiny, minmay_between
D:5:      layout_rooms, general_overflow_altar,
          mainiacjoe_overflow_cross_hatched, mainiacjoe_overflow_paths,
          gammafunk_temple_overflow_claw, minmay_temple_entry_ruins,
          serial_rivers, chequers_serial_rivers_room_a,
          chequers_serial_rivers_micro_e, chequers_serial_rivers_small_3,
          chequers_serial_rivers_small_3, gammafunk_ghost_cemetery,
          minmay_misc_feat_enclosed, minivault_19
D:6:      layout_loops_ring, yredelemnul_forgotten_temple_becter,
          nemelex_xobeh_ov_fountains_minmay, serial_shops, shop
D:7:      layout_loops_ring, marbit_many_paths, enter_ossuary_4, uniq_pikel
Temple:   nicolae_temple_cloud_nine

Skill      XL: |  1  2  3  4  5  6  7  8 |
---------------+-------------------------+-----
Fighting       | 2 3 4 |  4.2
Shapeshifting  | 4 5 6 |  6.3
Dodging        | 3 4 |  4.5
Unarmed Combat | 4 5 |  5.1

Action                     |  1- 3 |  4- 6 |  7- 9 || total
---------------------------+-------+-------+-------++-------
  Melee: Unarmed           |    90 |    78 |    61 ||   229
         Constrict         |    23 |    16 |    15 ||    54
         Tentacles         |    11 |    11 |    20 ||    42
         Punch             |       |     3 |       ||     3
  Throw: Javelin           |       |     3 |     6 ||     9
         Boomerang         |       |       |     6 ||     6
   Stab: Sleeping          |     7 |     7 |     2 ||    16
 Armour: Skin              |    37 |    16 |    20 ||    73
  Dodge: Dodged            |    50 |    44 |    40 ||   134

Table legend: (Time is in decaauts)
 A = Elapsed time spent in this place.
 B = Non-inter-level travel time spent in this place.
 C = Inter-level travel time spent in this place.
 D = Time resting spent in this place.
 E = Time spent auto-exploring this place.
 F = Levels seen in this place.
 G = Mean time per level.
                   A        B        C        D        E       F      G
               +--------+--------+--------+--------+--------+-----+--------+
         Total |   4862 |   4558 |    304 |    190 |   3687 |   8 |  607.8 |
       Dungeon |   4861 |   4557 |    304 |    190 |   3687 |   7 |  694.4 |
        Temple |      1 |      1 |      0 |      0 |      0 |   1 |    1.0 |
               +--------+--------+--------+--------+--------+-----+--------+

Top non-repeatable levels by time:
     D:4: 943 daAuts
     D:6: 941 daAuts
     D:3: 879 daAuts
     D:5: 787 daAuts
     D:1: 754 daAuts
     D:2: 495 daAuts
     D:7: 59 daAuts
  Temple: 1 daAuts
